AoeStats
← Erickinio

MegaRandom

508989457Analyzed
2v2 RM · 7d ago on Sep 25, 2026· 55m 22s· 4 players
Game mode
Random Map
Map size
Medium (4 player)
Population
200
Speed
Normal
Resources
Standard
Victory
Conquest
Starting age
Dark Age
Ending age
Imperial Age
RankedLock teamsTeams togetherTeam positionsShared explorationLock speedFull tech treeHidden civsTurbo modeCheats
Victory
Defeat
🇧🇷 Chinese · Brazil
925
+11
🇦🇷 Celts · Argentina
879
+13
🇦🇷 Vietnamese · Argentina
824
-12
🇦🇷 Byzantines · Argentina
803
-12
Erickinio
4:36 Loom
11:57 Feudal Age
12:53 Double-Bit Axe
16:29 Forging
18:26 Man-at-Arms
19:36 Arson
24:02 Wheelbarrow
24:15 Scale Mail Armor
25:13 Gold Mining
28:09 Horse Collar
31:25 Castle Age
30:36 Stone Mining
32:03 Gambesons
32:02 Pikeman
35:32 Iron Casting
40:21 Chain Mail Armor
41:32 Bow Saw
43:09 Stronghold
46:51 Imperial Age
45:44 Gold Shaft Mining
46:57 Hand Cart
47:10 Fletching
47:20 Padded Archer Armor
48:01 Conscription
47:08 Halberdier
48:53 Blast Furnace
49:38 Plate Mail Armor
49:25 Masonry
51:48 Murder Holes
53:29 Town Watch
54:46 Onager
55:45 Town Patrol
56:07 Ballistics
56:48 Chemistry
Geromel
0:53 Loom
11:22 Feudal Age
12:17 Double-Bit Axe
13:49 Wheelbarrow
15:13 Horse Collar
17:57 Fletching
19:45 Fishing Lines
24:23 Castle Age
22:42 Arson
24:16 Bloodlines
24:15 Town Watch
26:02 Bow Saw
26:39 Squires
27:15 Hand Cart
27:02 Stone Mining
29:29 Gold Mining
30:59 Husbandry
40:40 Gold Shaft Mining
43:18 Imperial Age
41:24 Murder Holes
41:40 Masonry
42:17 Town Patrol
47:55 Conscription
47:37 Great Wall
48:36 Ballistics
48:34 Heavy Rocket Cart
49:44 Arrowslits
51:47 Stone Shaft Mining
52:56 Two-Man Saw
52:24 Capped Ram
53:54 Siege Ram
53:56 Cavalier
collito
1:27 Loom
6:06 Loom
7:44 Loom
12:35 Feudal Age
11:13 Loom
13:31 Double-Bit Axe
13:38 Town Watch
13:27 Man-at-Arms
19:29 Horse Collar
23:47 Castle Age
23:27 Bloodlines
25:17 Crossbowman
29:50 Husbandry
29:35 Pikeman
33:22 Scale Barding Armor
33:18 Padded Archer Armor
41:56 Imperial Age
39:43 Elite Skirmisher
44:25 Leather Archer Armor
47:25 Paper Money
47:10 Imperial Skirmisher
50:47 Thumb Ring
52:15 Wheelbarrow
53:07 Hand Cart
55:13 Chatras
EbolaKills
4:00 Loom
11:24 Feudal Age
12:07 Double-Bit Axe
14:04 Horse Collar
16:23 Man-at-Arms
20:19 Wheelbarrow
23:57 Castle Age
22:20 Stone Mining
22:41 Gold Mining
25:31 Bow Saw
29:25 Hand Cart
32:27 Scale Mail Armor
32:35 Scale Barding Armor
32:41 Forging
32:42 Heavy Plow
33:37 Gold Shaft Mining
35:49 Iron Casting
40:13 Imperial Age
39:30 Chain Barding Armor
43:54 Elite Cataphract
46:27 Logistica
48:22 Stone Shaft Mining
52:47 Two-Man Saw
Connection lost

Rejoining the realm…

Still unreachable

The connection could not be restored.

Session expired

The server has moved on; the page needs a fresh start.